 Dungeon Crawl Stone Soup version 0.21.1-1-g345015f (webtiles) character file.

46 inc the Chiller (level 3, 14/14 HPs)
             Began as a Felid Ice Elementalist on Feb 19, 2018.
             Quit the game on level 3 of the Dungeon.
             The game lasted 00:06:12 (2101 turns).

inc the Chiller (Felid Ice Elementalist)            Turns: 2101, Time: 00:06:12

Health: 14/14      AC:  1    Str:  4    XL:     3   Next: 46%
Magic:  8/8        EV: 18    Int: 17    God:
Gold:   59         SH:  0    Dex: 16    Spells: 7/8 levels left
                                        Lives:  0   Deaths: 1

rFire    . . .     SeeInvis +   (weapon unavailable)
rCold    . . .     Gourm    .   (shield unavailable)
rNeg     . . .     Faith    .   (armour unavailable)
rPois    .         Spirit   .   (helmet unavailable)
rElec    .         Reflect  .   (cloak unavailable)
rCorr    .         Harm     .   (gloves unavailable)
MR       .....                  (boots unavailable)
Stlth    +++.......             (no amulet)
HPRegen  0.04/turn              (no ring)
MPRegen  0.11/turn              (no ring)

@: quick
A: very small, no armour, no weapons or thrown items, stealth, claws 1, fangs 3,
see invisible, carnivore, speed 1, shaggy fur 1, slow metabolism 1, sharp paws
a: no special abilities


You were on level 3 of the Dungeon.
You were not hungry.

You visited 1 branch of the dungeon, and saw 3 of its levels.

You collected 59 gold pieces.

Inventory:

Scrolls
 c - 2 scrolls of identify {unknown}
 d - a scroll of enchant armour {unknown}
 f - a scroll of fog {unknown}
 i - a scroll of amnesia {unknown}
Potions
 e - a potion of might {unknown}
 g - a potion of mutation {unknown}
 h - a potion of invisibility {unknown}
Books
 a - a book of Frost

   Spells                             Type                      Level
   a - Freeze                         Ice                          1
   b - Throw Frost                    Conjuration/Ice              2
   c - Ozocubu's Armour               Charms/Ice                   3
   d - Throw Icicle                   Conjuration/Ice              4
   e - Summon Ice Beast               Ice/Summoning                4
Comestibles
 b - 5 rations


   Skills:
 + Level 3.1 Dodging
 + Level 3.4 Stealth
 + Level 0.2 Unarmed Combat
 + Level 3.0 Spellcasting
   Level 0.8 Conjurations
 + Level 3.7 Ice Magic


You had 7 spell levels left.
You knew the following spells:

 Your Spells              Type           Power        Failure   Level  Hunger
a - Freeze                Ice            ###.         3%          1    None


Dungeon Overview and Level Annotations

Branches:
Dungeon (3/15)

Altars:
Ashenzari
Kikubaaqudgha
Wu Jian


Innate Abilities, Weirdness & Mutations

You cannot wear armour.
You are incapable of wielding weapons or throwing items.
Your paws allow you to move quietly. (Stealth)
You have sharp claws.
You have razor-sharp teeth.
You have supernaturally acute eyesight. (SInv)
You are carnivorous and can eat meat at any time.
You cover ground quickly.
You are covered in fur. (AC +1)
You have a slow metabolism.
Your sharp claws are effective at attacking unaware monsters.


Message History

You freeze the orc.
You kill the orc!
The orc priest mumbles some strange prayers to Beogh against you.
Pain shoots through your body!
* * * LOW HITPOINT WARNING * * *
Casting: Freeze
Confirm with . or Enter, or press ? or * to list all spells.
Aiming: Freeze
Press: ? - help, Shift-Dir - straight line, f - orc priest
Aim: an orc priest, wearing a scale mail
Okay, then.
The orc priest calls down the wrath of Beogh upon you.
Beogh smites you!
Ouch! That really hurt!
You die...
You are now level 3!
You rejoin the land of the living...
Found 13 gold pieces.
A rat comes into view.
Are you sure you want to abandon this character and quit the game? (Confirm with "yes".)

.+...<#
.######
#...$....#
..
.........#
.##
#.......# ..
#.......#
...
#.r.....#
#.......#
#.......#
#.....@.#
#########
##..........
..........?
##..........


You could see a rat (sleeping).

Vanquished Creatures
  An orc wizard (D:3)
  2 adders (D:2)
  2 leopard geckos (D:2)
  5 orcs (D:3)
  3 giant cockroaches
  8 goblins
  2 hobgoblins
  7 jackals
  4 bats
  3 frilled lizards
  3 kobolds (D:1)
  5 rats
45 creatures vanquished.

Notes
Turn   | Place    | Note
-------+----------+-------------------------------------------
     0 | D:1      | inc the Felid Ice Elementalist began the quest for the Orb.
     0 | D:1      | Reached XP level 1. HP: 7/7 MP: 4/4
   466 | D:1      | Reached XP level 2. HP: 11/11 MP: 4/6
  1002 | D:2      | Found an ancient bone altar of Kikubaaqudgha.
  1008 | D:2      | Found an ornate altar of the Wu Jian Council.
  1012 | D:2      | Reached XP level 3. HP: 13/14 MP: 5/7
  1016 | D:2      | Found a shattered altar of Ashenzari.
  1099 | D:2      | Found a faded altar of an unknown god.
  1989 | D:3      | Reached XP level 4. HP: 15/18 MP: 6/9
  2100 | D:3      | Killed from afar by an orc priest
  2101 | D:3      | Reached XP level 3. HP: -8/14 MP: 8/8
  2101 | D:3      | Quit the game

Skill      XL: |  1  2  3  4 |
---------------+-------------+-----
Dodging        | 3 |  3.1
Stealth        | 3 |  3.4
Ice Magic      | 3 |  3.7
Spellcasting   | 3 |  3.0
Unarmed Combat | |  0.2
Conjurations   | |  0.8

Action                   |  1- 3 |  4- 6 || total
-------------------------+-------+-------++-------
Melee: Unarmed           |    14 |     6 ||    20
       Bite              |       |     1 ||     1
 Cast: Freeze            |    50 |    10 ||    60
 Stab: Sleeping          |     5 |       ||     5
  Eat: Chunk             |     9 |       ||     9
Armor: Skin              |     3 |       ||     3
Dodge: Dodged            |    39 |     6 ||    45
